 Dungeon Crawl Stone Soup version 0.23.2-1-ga50397a (webtiles) character file.

Game seed: 6056624361551714340

74 diana the Ducker (level 4, 29/34 HPs)
             Began as a Demonspawn Gladiator on May 21, 2019.
             Quit the game on level 2 of the Dungeon.
             The game lasted 00:01:26 (1186 turns).

diana the Ducker (Demonspawn Gladiator)             Turns: 1186, Time: 00:01:26

Health: 29/34      AC:  9    Str: 15    XL:     4   Next: 10%
Magic:  4/4        EV:  7    Int:  9    God:
Gold:   0          SH:  0    Dex: 15    Spells: 3/3 levels left

rFire    . . .     SeeInvis .   a - +0 quarterstaff
rCold    . . .     Gourm    .   (shield currently unavailable)
rNeg     . . .     Faith    .   m - +0 chain mail
rPois    .         Spirit   .   c - +0 helmet
rElec    .         Reflect  .   (no cloak)
rCorr    .         Harm     .   (no gloves)
MR       .....                  (no boots)
Stlth    ..........             (no amulet)
HPRegen  0.11/turn              (no ring)
MPRegen  0.09/turn              (no ring)

@: no status effects
A: talons 1, nightstalker 1
a: no special abilities


You were on level 2 of the Dungeon.
You were hungry.

You visited 1 branch of the dungeon, and saw 2 of its levels.

Inventory:

Hand Weapons
 a - a +0 quarterstaff (weapon)
Missiles
 d - 3 throwing nets (quivered)
Armour
 b - a +0 leather armour
 c - a +0 helmet (worn)
 m - a +0 chain mail (worn)
Jewellery
 k - a cursed ring of teleportation {unknown}
 l - an uncursed ring of positive energy {unknown}
Scrolls
 g - a scroll of amnesia {unknown}
 h - a scroll of teleportation {unknown}
 i - 2 scrolls of identify {unknown}
Potions
 e - a potion of might {unknown}
 j - 3 potions of curing {unknown}
 n - a potion of ambrosia {unknown}
Comestibles
 f - 3 rations


   Skills:
 + Level 2.7 Fighting
 + Level 3.2 Staves
 - Level 1.7 Throwing
 + Level 1.4 Armour
 + Level 3.3 Dodging


You had 3 spell levels left.
You didn't know any spells.
Your spell library was empty.

Dungeon Overview and Level Annotations

Branches:
Dungeon (2/15)

Altars:


Innate Abilities, Weirdness & Mutations

You have sharp toenails.
You are slightly more attuned to the shadows.


Message History

An adder comes into view.
Found a mace.
There is an open door here.
There are monsters nearby!
There are monsters nearby!
Found a stone staircase leading down.
There is an open door here.
You sock the adder!
The adder is almost dead.
The adder barely misses you. The adder bites you.
You sock the adder!
You kill the adder!
You have reached level 4!
You feel agile.
Your demonic ancestry asserts itself...
You slip into the darkness of the dungeon.
You sock the hobgoblin!
You kill the hobgoblin!
You see here a +0 club.
There is an open door here.
Are you sure you want to abandon this character and quit the game? (Confirm with "yes".)

......####..#.......#
#.# ......#
##.#.......# #.#
.....># #.#.......#
#.# ......#
#....#'##.# #.#
......# ##...#.##.#
#.# ......#
#...#.##.# #.#
......# #...#.##.#
#.#### ......#
##+##)##.# #....<
..(...# ####.##@##+##
###### ....(.#
#...........# ......#
#...........# #######
#...).......#
#...........#
#...........#
#...........#
............#
.......>....#


There were no monsters in sight!

Vanquished Creatures
  3 adders (D:2)
  An ooze (D:1)
  2 worms (D:2)
  A dart slug (D:1)
  2 leopard geckos (D:1)
  5 bats (D:1)
  6 goblins
  5 hobgoblins
  2 quokkas
  2 frilled lizards (D:1)
  3 kobolds
  A rat (D:1)
33 creatures vanquished.

Notes
Turn   | Place    | Note
-------+----------+-------------------------------------------
     0 | D:1      | diana the Demonspawn Gladiator began the quest for the Orb.
     0 | D:1      | Reached XP level 1. HP: 16/16 MP: 1/1
    92 | D:1      | Gained mutation: You have sharp toenails. [demonic
                  | ancestry]
    92 | D:1      | Reached XP level 2. HP: 20/22 MP: 2/2
   358 | D:1      | Reached skill level 1 in Armour
   445 | D:1      | Reached XP level 3. HP: 28/28 MP: 3/3
  1182 | D:2      | Gained mutation: You are slightly more attuned to the
                  | shadows. [demonic ancestry]
  1182 | D:2      | Reached XP level 4. HP: 29/34 MP: 4/4
  1186 | D:2      | Quit the game

Skill      XL: |  1  2 |
---------------+-------+-----
Dodging        | 3 |  3.3
Staves         | 3 |  3.2
Armour         | 1 |  1.4
Fighting       | |  2.7
Throwing       | |  1.7

Action                   |  1- 3 |  4- 6 || total
-------------------------+-------+-------++-------
Melee: Quarterstaff      |    93 |     1 ||    94
       Kick              |    19 |       ||    19
Armor: Leather armour    |    15 |       ||    15
       Chain mail        |    33 |       ||    33
Dodge: Dodged            |    67 |       ||    67
